Map: Terraform LE (Void)

Players

Javert - Winner!

  • Race: Zerg Zerg
  • League: Platinum

BitByBit

  • Race: Protoss Protoss
  • League: Platinum

VOD

Have the link to the VOD?

Description

Time

  • Played on: Aug. 20, 2015, 9:21 p.m.
  • Length: 9:15
Show
View Real Time Build Order
Export as new Build Order

Javert Zerg - Winner!

Build Orders: Hatch First 

Get SALT Encoding   

  12  0:01  Drone  
  13  0:15  Overlord  
  13  0:18  Drone  
  14  0:33  Drone x2  
  16  0:37  Drone  
  17  0:59  Hatchery  
  16  1:09  Drone x2  
  18  1:11  Extractor  
  18  1:15  Drone  
  18  1:29  Drone, Spawning Pool  
  18  1:37  Drone  
  19  1:43  Drone  
  20  1:55  Drone  
  21  2:15  Metabolic Boost  
  21  2:22  Zergling x4  
  23  2:26  Hatchery, Drone  
  23  2:32  Queen  
  25  2:45  Drone x3  
  28  2:53  Overlord  
  28  3:05  Overlord  
  28  3:11  Queen  
  30  3:14  Queen  
  30  3:16  Drone  
  33  3:28  Drone x5  
  37  3:38  Zergling x2  
  37  3:41  Zergling x8  
  39  3:48  Overlord  
  42  3:51  Overlord  
  42  4:00  Drone x3  
  45  4:09  Drone x2  
  47  4:14  Drone, Extractor  
  47  4:15  Drone x3  
  50  4:21  Drone x3  
  50  4:23  Lair, Extractor  
  52  4:24  Extractor  
  52  4:26  Drone  
  52  4:28  Drone  
  49  4:43  Drone x2  
  50  4:53  Drone x3  
  50  4:54  Drone x5  
  50  4:55  Roach Warren  
  50  4:56  Evolution Chamber  
  50  4:57  Evolution Chamber  
  55  5:06  Overlord  
  55  5:17  Drone x7  
  55  5:18  Drone  
  63  5:23  Zerg Missile Weapons Level 1, Zerg Ground Armor Level 1  
  63  5:35  Glial Reconstitution  
  63  5:38  Hydralisk Den  
  62  5:44  Roach x6  
  62  5:46  Overlord  
  74  5:55  Overlord x2  
  74  6:04  Burrow, Queen  
  74  6:06  Roach x3  
  82  6:13  Hydralisk x3  
  82  6:14  Muscular Augments  
  88  6:21  Overlord x2  
  88  6:22  Overlord  
  88  6:24  Extractor  
  87  6:29  Hydralisk x3  
  93  6:35  Overlord  
  93  6:39  Hydralisk x3  
  99  6:45  Drone x5  
  104  6:53  Hydralisk x3  
  109  7:01  Roach x4  
  115  7:06  Overlord  
  117  7:09  Overlord  
  117  7:17  Overlord  
  119  7:23  Roach x6  
  127  7:39  Roach x4  
  127  7:40  Roach x4  
  141  7:50  Drone x2  
  143  7:54  Extractor  
  143  7:55  Overlord x3  
  142  8:04  Ravager x3  
  145  8:07  Ravager  
  145  8:09  Roach x2  
  145  8:11  Drone  
  145  8:12  Drone x3  
  154  8:15  Hatchery  
  149  8:34  Overseer  
  149  8:36  Roach  
  149  8:37  Roach x11  
  173  8:52  Overlord x3  
  173  8:57  Drone x4, Spine Crawler  
  173  8:58  Spine Crawler  
  173  9:00  Spine Crawler  
  173  9:03  Spine Crawler  
Show
View Real Time Build Order
Export as new Build Order

BitByBit Protoss 

Build Orders:  

Get SALT Encoding   

  12  0:10  Pylon  
  12  0:14  Probe  
  13  0:26  Probe  
  14  0:34  Gateway  
  14  0:38  Probe  
  15  0:50  Probe  
  16  1:03  Probe  
  17  1:17  Probe  
  18  1:22  Cybernetics Core  
  18  1:29  Probe  
  19  1:41  Probe  
  19  1:46  Nexus  
  20  1:48  Pylon  
  20  1:53  Probe  
  21  2:04  Assimilator  
  21  2:05  Probe  
  22  2:08  Assimilator  
  22  2:13  Forge  
  22  2:17  Probe  
  22  2:21  Pylon  
  24  2:30  Probe  
  24  2:35  Warp Gate  
  24  2:39  Adept  
  24  2:42  Probe  
  27  2:54  Probe  
  28  3:02  Photon Cannon  
  28  3:03  Probe  
  29  3:06  Probe  
  29  3:11  Protoss Ground Weapons Level 1  
  30  3:15  Probe  
  30  3:18  Probe  
  33  3:27  Probe, Assimilator  
  33  3:29  Gateway  
  33  3:34  Probe  
  33  3:39  Probe  
  34  3:45  Pylon  
  34  3:46  Probe  
  35  3:51  Probe  
  35  3:53  Assimilator  
  36  3:57  Twilight Council  
  36  4:02  Gateway  
  36  4:05  Mothership Core  
  38  4:14  Photon Cannon  
  38  4:15  Adept  
  38  4:19  Probe  
  39  4:26  Probe  
  40  4:31  Probe  
  40  4:42  Photon Cannon  
  40  4:45  Probe x2  
  42  4:57  Probe x2  
  44  5:05  Protoss Ground Armor Level 1  
  44  5:09  Probe  
  44  5:10  Forge  
  44  5:12  Templar Archives, Probe  
  46  5:21  Probe  
  47  5:23  Adept  
  47  5:24  Adept x2  
  53  5:29  Probe  
  53  5:33  Probe  
  55  5:38  Shield Upgrade  
  55  5:41  Probe  
  56  5:45  Probe  
  56  5:48  Gateway, Protoss Ground Weapons Level 2  
  57  5:51  Gateway  
  57  5:56  Stalker  
  59  5:58  Probe x2  
  59  6:03  Psionic Storm  
  61  6:10  Probe  
  62  6:22  Pylon x2  
  62  6:25  Pylon  
  62  6:40  Probe  
  62  6:43  Sentry  
  62  6:45  Adept  
  67  6:47  Adept  
  67  6:52  Pylon  
  67  6:53  Assimilator  
  69  6:57  Pylon  
  69  6:58  Nexus  
  69  7:05  Probe x2  
  71  7:09  Assimilator  
  71  7:12  Gateway  
  71  7:13  Gateway  
  71  7:17  Probe x2, Gateway  
  71  7:20  Photon Cannon  
  71  7:21  Adept  
  75  7:24  Adept  
  75  7:29  Probe  
  74  7:36  Probe  
  68  7:41  Probe  
  53  7:44  Sentry  
  53  7:46  Adept x2  
  53  7:48  Probe  
  56  7:53  Probe  
  57  7:58  Pylon  
  57  8:01  Pylon  
  57  8:09  High Templar  
  57  8:10  High Templar x2  
  62  8:13  Pylon  
  62  8:17  Nexus  
  61  8:20  Pylon  
  61  8:21  Pylon  
  61  8:25  Assimilator  
  57  8:30  Assimilator  
Tags
 
Add a new tag
Caveats
  • Supply blocks, unpowered buildings, or Contaminate may cause inaccurate times.
  • Supply counts are checked every 10 seconds.